 Dungeon Crawl Stone Soup version 0.28-b1-70-g80dc712255 (webtiles) character file.

Game seed: 3212774049962268490

384 adizb the Cleaver (level 6, -12/51 HPs)
             Began as a Minotaur Fighter on Feb 3, 2022.
             Was an Initiate of Makhleb.
             Mangled by an ogre (28 damage)
             ... on level 4 of the Dungeon.
             The game lasted 00:12:48 (2217 turns).

adizb the Cleaver (Minotaur Fighter)                Turns: 2217, Time: 00:12:49

Health: -12/51     AC:  9    Str: 21    XL:     6   Next: 47%
Magic:  5/5        EV:  7    Int:  5    God:    Makhleb [......]
Gold:   57         SH:  4    Dex: 11    Spells: 5/5 levels left

rFire   . . .      SeeInvis .   a - +0 war axe
rCold   . . .      Faith    .   c - +0 buckler
rNeg    . . .      Spirit   .   h - +0 chain mail
rPois   .          Reflect  .   (helmet restricted)
rElec   .          Harm     .   (no cloak)
rCorr   .          Rampage  .   (no gloves)
Will    +....                   (no boots)
Stlth   ..........              (no amulet)
HPRegen 0.17/turn               i - ring of willpower
MPRegen 0.09/turn               p - ring of flight

@: flying
A: horns 2, retaliatory headbutt
a: Renounce Religion


You were on level 4 of the Dungeon.
You worshipped Makhleb.
Makhleb was noncommittal.
You visited 1 branch of the dungeon, and saw 4 of its levels.

You collected 57 gold pieces.

Inventory:

Hand Weapons
 a - a +0 war axe (weapon)
Missiles
 f - 5 boomerangs (quivered)
Armour
 c - a +0 buckler (worn)
 h - a +0 chain mail (worn)
Jewellery
 i - a ring of willpower (left hand)
 p - a ring of flight (right hand)
Scrolls
 b - a scroll of fog
 g - a scroll of enchant armour {unknown}
 k - a scroll of magic mapping {unknown}
 l - a scroll of identify {unknown}
 m - a scroll of noise
 n - a scroll of blinking
Potions
 e - 2 potions of heal wounds {unknown}
 j - 2 potions of degeneration {unknown}
 o - a potion of haste {unknown}


   Skills:
 - Level 3.6 Fighting
 * Level 8.4 Axes
 - Level 3.6 Armour
 - Level 3.6 Shields


You had 5 spell levels left.
You didn't know any spells.
Your spell library was empty.

Dungeon Overview and Level Annotations

Branches:
Dungeon (4/15)
 Temple: D:4-7

Altars:
Makhleb

Shops:
D:1 =!


Innate Abilities, Weirdness & Mutations

You have a pair of horns on your head.
You reflexively headbutt those who attack you in melee.


Message History

You headbutt the jelly!
You kill the jelly!
Makhleb accepts your kill.
You slash the goblin!
You kill the goblin!
Makhleb accepts your kill.
An ogre comes into view. It is wielding a +0 giant club.
Throw: 5 boomerangs
Press: ? - help, Q - select action Shift-Dir - straight line, f - ogre
Aim: an ogre, wielding a +0 giant club (wandering, hasn't noticed you, 72% to hit)
You throw a boomerang. The ogre shouts!
The boomerang hits the ogre but does no damage.
Throw: 5 boomerangs
Press: ? - help, Q - select action Shift-Dir - straight line, f/p - ogre
Aim: an ogre, wielding a +0 giant club (72% to hit)
You throw a boomerang. The boomerang hits the ogre.
The ogre is lightly wounded.
Throw: 5 boomerangs
Press: ? - help, Q - select action Shift-Dir - straight line, f/p - ogre
Aim: an ogre, wielding a +0 giant club (lightly wounded, 72% to hit)
You throw a boomerang. The boomerang hits the ogre.
The ogre is moderately wounded.
Throw: 5 boomerangs
Press: ? - help, Q - select action Shift-Dir - straight line, f/p - ogre
Aim: an ogre, wielding a +0 giant club (moderately wounded, 72% to hit)
You throw a boomerang. The boomerang hits the ogre.
The ogre is heavily wounded.
Throw: 5 boomerangs
Press: ? - help, Q - select action Shift-Dir - straight line, f/p - ogre
Aim: an ogre, wielding a +0 giant club (heavily wounded, 72% to hit)
You throw a boomerang. The boomerang hits the ogre.
The ogre is heavily wounded.
The ogre hits you with a +0 giant club.
* * * LOW HITPOINT WARNING * * *
You hit the ogre.
The ogre is heavily wounded.
The ogre hits you with a +0 giant club!!
Ouch! That really hurt!
You die...

##.## #. #.#
##. ## #.# ##..
#.# #.# ... ##
#.###.# ..
#.###....# #.
#.#.#####
...###.#####.##
......O@.....#
#.####)#######
#. #. #. .. .$
..


You could see an ogre.

Vanquished Creatures
  Pargi (D:3)
  A scorpion (D:4)
  A jelly (D:4)
  A hound (D:4)
  2 iguanas (D:4)
  A hound skeleton (D:4)
  An adder (D:3)
  An adder skeleton (D:4)
  2 dart slugs
  4 orcs (D:3)
  7 endoplasms
  3 giant cockroaches
  8 goblins
  10 hobgoblins
  5 jackals
  11 kobolds
  2 quokkas
  6 ball pythons
  5 bats
  7 frilled lizards
  8 rats
87 creatures vanquished.

Vanquished Creatures (others)
  2 fungi (D:3)
2 creatures vanquished.

Grand Total: 89 creatures vanquished

Notes
Turn   | Place    | Note
-------+----------+-------------------------------------------
     0 | D:1      | adizb the Minotaur Fighter began the quest for the Orb.
     0 | D:1      | Reached XP level 1. HP: 19/19 MP: 0/0
    76 | D:1      | Reached skill level 3 in Axes
   144 | D:1      | Reached XP level 2. HP: 22/26 MP: 1/1
   366 | D:1      | Reached skill level 4 in Axes
   389 | D:1      | Found a faded altar of an unknown god.
   401 | D:1      | Found Vojeun's Distillery.
   490 | D:1      | Found Haykogyk's Jewellery Emporium.
   528 | D:1      | Reached XP level 3. HP: 30/31 MP: 2/2
  1365 | D:2      | Reached skill level 5 in Axes
  1538 | D:3      | Reached XP level 4. HP: 31/39 MP: 3/3
  1598 | D:3      | Found a burning altar of Makhleb.
  1608 | D:3      | Became a worshipper of Makhleb the Destroyer
  1967 | D:3      | Noticed Pargi
  1976 | D:3      | Killed Pargi
  1977 | D:3      | Reached skill level 6 in Axes
  1977 | D:3      | Reached XP level 5. HP: 41/45 MP: 4/4
  2042 | D:4      | Reached skill level 7 in Axes
  2056 | D:4      | Reached XP level 6. HP: 14/51 MP: 5/5
  2090 | D:4      | Reached skill level 8 in Axes
  2217 | D:4      | Mangled by an ogre

Illustrated notes

Levels and vault maps discovered:
D:1:      lemuel_arrival_tunnels, layout_basic, serial_shops, shop, shop,
          basic_ecumenical_altar
D:2:      layout_loops_cross, minmay_misc_feat_hallway
D:3:      layout_basic, mainiacjoe_overflow_alcove_4,
          chequers_serial_rivers_small_3, uniq_pargi
D:4:      layout_loops_corners, mainiacjoe_overflow_small_starburst,
          ebering_ghost_reflecting_pool, minmay_fractal_squares_diagonal_5

Skill      XL: |  1  2  3  4  5  6 |
---------------+-------------------+-----
Axes           | 3 4 5 6 7 8 |  8.4
Fighting       | |  3.6
Armour         | |  3.6
Shields        | |  3.6

Action                   |  1- 3 |  4- 6 || total
-------------------------+-------+-------++-------
Melee: War axe           |   118 |    62 ||   180
       Headbutt          |    15 |     8 ||    23
Throw: Boomerang         |    10 |    22 ||    32
  Use: Scroll            |       |     3 ||     3
       Potion            |       |     1 ||     1
Armor: Scale mail        |    34 |       ||    34
       Chain mail        |    22 |    41 ||    63
Dodge: Dodged            |    56 |    21 ||    77
Block: Buckler           |    37 |    20 ||    57
